Map: Battle on the Boardwalk LE

Players

SamuraiFunn - Winner!

  • Race: Protoss Protoss
  • League: Platinum
  • Spawn Location: 11:00

A.I. 1 (Very Hard)

  • Race: Terran Terran
  • Spawn Location: 1:00

VOD

Have the link to the VOD?

Description

Time

  • Played on: Dec. 1, 2017, 11:04 p.m.
  • Length: 10:19
Show
View Real Time Build Order
Export as new Build Order

SamuraiFunn Protoss - Winner!

Build Orders: Oracle Opening 

Get SALT Encoding   

  12  0:01  Probe  
  13  0:13  Probe  
  14  0:20  Pylon  
  14  0:25  Probe  
  15  0:33  Assimilator  
  15  0:38  Probe  
  16  0:45  Gateway  
  16  0:58  Probe (Chrono Boost)  
  17  1:10  Probe (Chrono Boost)  
  18  1:22  Pylon  
  18  1:27  Probe  
  19  1:34  Assimilator  
  19  1:39  Probe  
  20  1:42  Cybernetics Core  
  20  1:51  Probe  
  21  2:03  Probe  
  21  2:05  Zealot (Chrono Boost)  
  21  2:06  Nexus  
  24  2:30  Probe  
  25  2:38  Stargate  
  25  2:42  Probe  
  26  2:56  Pylon  
  26  2:58  Probe  
  26  2:59  Assimilator  
  26  3:04  Assimilator  
  27  3:08  Stargate  
  27  3:10  Probe  
  28  3:13  Pylon  
  28  3:18  Warp Gate  
  28  3:24  Probe x2  
  30  3:36  Probe  
  31  3:43  Pylon  
  31  3:47  Gateway  
  34  3:55  Oracle (Chrono Boost)  
  37  4:03  Oracle (Chrono Boost)  
  37  4:07  Probe x2  
  39  4:19  Probe x2  
  44  4:28  Oracle  
  47  4:36  Oracle  
  47  5:11  Oracle  
  47  5:12  Gateway  
  50  5:19  Oracle  
  47  5:47  Void Ray  
  48  5:54  Void Ray  
  52  5:58  Zealot x2  
  56  6:10  Stargate  
  56  6:11  Stargate  
  56  6:18  Twilight Council  
  56  6:20  Probe  
  56  6:21  Probe  
  56  6:24  Zealot x2  
  56  6:25  Zealot  
  64  6:33  Probe x2  
  57  7:04  Zealot x3  
  57  7:07  Charge (Chrono Boost)  
  63  7:18  Pylon  
  63  7:20  Pylon  
  63  7:21  Void Ray  
  67  7:23  Pylon  
  67  7:25  Zealot  
  69  7:36  Void Ray  
  73  7:38  Void Ray  
  73  7:42  Void Ray  
  81  7:54  Probe x2  
  83  8:03  Zealot x3  
  69  8:06  Probe x2  
  61  8:55  Zealot x2  
  61  8:56  Zealot  
  61  8:57  Void Ray x3  
  77  9:36  Void Ray  
  81  9:43  Zealot x3  
  91  9:49  Pylon  
  91  9:50  Pylon  
  91  9:53  Pylon  
Show
View Real Time Build Order
Export as new Build Order

A.I. 1 (Very Hard) Terran 

Build Orders:  

Get SALT Encoding   

  12  0:00  SCV  
  13  0:13  SCV  
  14  0:19  Supply Depot  
  14  0:25  SCV  
  15  0:29  Refinery  
  15  0:40  SCV  
  16  0:47  Barracks  
  16  0:52  SCV  
  17  1:04  SCV  
  18  1:16  SCV  
  19  1:34  Orbital Command  
  19  1:35  Marine  
  19  1:38  Supply Depot  
  20  1:44  Factory  
  20  1:51  Barracks  
  20  1:53  Marine  
  21  2:00  SCV  
  22  2:05  Refinery  
  22  2:11  Marine  
  22  2:12  SCV  
  24  2:21  Supply Depot  
  24  2:26  SCV  
  24  2:28  Factory Tech Lab  
  25  2:31  Marine  
  26  2:38  Marine  
  27  2:47  SCV  
  27  2:48  Siege Tank  
  27  2:49  Marine  
  32  2:56  Marine  
  33  3:00  Supply Depot  
  33  3:01  SCV  
  34  3:07  Marine  
  35  3:14  Marine  
  35  3:19  SCV  
  37  3:21  Siege Tank  
  37  3:25  Marine  
  41  3:31  Marine  
  41  3:32  Supply Depot  
  42  3:35  SCV  
  43  3:48  SCV  
  44  4:00  SCV, Barracks Tech Lab, Command Center  
  45  4:04  Barracks Tech Lab  
  45  4:13  Engineering Bay  
  45  4:21  Marauder  
  47  4:26  Marauder  
  49  4:32  Supply Depot  
  49  4:42  Stimpack  
  49  4:43  Marauder, Missile Turret  
  48  4:49  Marauder  
  47  4:53  SCV  
  47  5:05  SCV, Marauder  
  50  5:12  SCV  
  51  5:18  SCV  
  52  5:24  SCV  
  52  5:25  Marauder  
  55  5:29  Marine  
  55  5:30  SCV  
  57  5:36  SCV  
  57  5:42  SCV  
  57  5:45  Marine  
  57  5:48  SCV, Marauder  
  59  5:54  SCV  
  60  6:00  SCV  
  60  6:04  Marauder  
  63  6:06  SCV  
  66  6:11  Marauder  
  66  6:12  SCV  
  66  6:18  SCV  
  68  6:24  SCV, Barracks  
  69  6:28  Marine  
  69  6:30  SCV  
  71  6:32  Supply Depot  
  71  6:36  SCV, Marine  
  73  6:42  SCV  
  73  6:46  Marauder  
  70  6:48  SCV  
  70  6:53  Marine  
  66  6:54  SCV  
  66  7:01  SCV  
  64  7:06  SCV  
  64  7:07  Marine  
  66  7:11  Starport, Marine  
  67  7:17  SCV  
  67  7:19  SCV, Barracks Reactor  
  69  7:25  Marauder  
  69  7:29  SCV, Marine  
  73  7:36  SCV  
  74  7:38  Supply Depot  
  74  7:42  SCV  
  75  7:46  Marine  
  75  7:47  Marauder  
  75  7:49  SCV  
  75  7:50  Medivac  
  81  7:54  SCV  
  81  7:55  Marine  
  83  8:01  SCV  
  83  8:05  Marine  
  69  8:06  SCV  
  69  8:07  Marine  
  69  8:08  Marine  
  60  8:13  SCV, Marine  
  53  8:20  SCV, Medivac  
  53  8:23  Marine  
  53  8:25  SCV, Marine  
  61  8:27  Marauder  
  61  8:31  Marine  
  61  8:32  SCV  
  55  8:37  SCV  
  56  8:41  Marauder  
  56  8:43  Marine  
  56  8:48  SCV, Marine, Marauder  
  54  8:50  Viking  
  54  8:52  SCV  
  47  9:01  Marine  
  47  9:02  Marauder  
  49  9:04  SCV  
  49  9:06  Marine  
  49  9:09  Marine  
  51  9:16  SCV  
Tags
 
Add a new tag
Caveats
  • Supply blocks, unpowered buildings, or Contaminate may cause inaccurate times.
  • Supply counts are checked every 10 seconds.